 Dungeon Crawl Stone Soup version 0.29-a0-2-g12fcac58f8 (webtiles) character file.

Game seed: 17331664058453530010

4831 miscthings the Thaumaturge (level 10, -4/67 HPs)
             Began as a Djinni Conjurer on Jan 27, 2022.
             Slain by a centaur (16 damage)
             ... in a bailey.
             The game lasted 00:18:35 (8206 turns).

miscthings the Thaumaturge (Djinni Conjurer)        Turns: 8206, Time: 00:18:36

Health: -4/67      AC:  4    Str:  6    XL:     10   Next: 77%
Gold:   520        EV: 15    Int: 34    God:
                   SH:  0    Dex: 20

rFire   + + +      SeeInvis .   E - +4 shortbow of the Wasteland {freeze, Dex+6}
rCold   . . .      Faith    .   (shield currently unavailable)
rNeg    . . .      Spirit   .   a - +0 robe
rPois   ∞          Reflect  .   h - +0 helmet
rElec   .          Harm     .   D - scarf {rC+ rF+}
rCorr   .          Rampage  .   C - +0 pair of gloves
Will    +....                   (boots unavailable)
Stlth   ++........              (no amulet)
HPRegen 0.21/turn               o - +6 ring of intelligence
MPRegen 0.00/turn               v - +6 ring of intelligence

@: flying
A: sickness immunity, fire resistance 2, cold vulnerability 1, float, innate
caster, hp casting, extra vitality 1
a: no special abilities


You were in a bailey.
You visited 1 branch of the dungeon, and saw 7 of its levels.
You also visited: Bailey.

You collected 520 gold pieces.

Inventory:

Hand Weapons
 k - a +2 dagger of draining
 E - the +4 shortbow of the Wasteland (weapon) {freeze, Dex+6}
   (You found it on level 7 of the Dungeon)

   Any ammunition fired from it freezes those it strikes, dealing additional
   cold damage.
   It can also slow down cold-blooded creatures.
   Dex:       It affects your dexterity (+6).
Missiles
 s - a throwing net
Armour
 a - a +0 robe (worn)
 h - a +0 helmet (worn)
 C - a +0 pair of gloves (worn)
 D - a scarf of resistance (worn)
Magical Staves
 B - a staff of fire
Jewellery
 o - a +6 ring of intelligence (left hand)
 v - a +6 ring of intelligence (right hand)
Wands
 e - a wand of iceblast (11)
 r - a wand of mindburst (3)
 x - a wand of paralysis (10)
Scrolls
 b - 3 scrolls of enchant weapon {unknown}
 c - a scroll of fog {unknown}
 d - 3 scrolls of vulnerability {unknown}
 g - 4 scrolls of blinking {unknown}
 l - a scroll of immolation {unknown}
 n - 2 scrolls of enchant armour
 p - a scroll of brand weapon {unknown}
 q - a scroll of silence {unknown}
 t - 7 scrolls of identify {unknown}
 y - a scroll of holy word {unknown}
 z - a scroll of teleportation {unknown}
Potions
 f - a potion of might {unknown}
 i - 4 potions of curing
 j - a potion of lignification {unknown}
 m - 2 potions of mutation {unknown}
 u - a potion of cancellation {unknown}
 w - a potion of degeneration {unknown}
 A - 2 potions of haste {unknown}


   Skills:
 + Level 3.8 Fighting
 + Level 3.8 Armour
 + Level 4.9 Dodging
 - Level 1.5 Stealth
 + Level 10.4 Spellcasting
 + Level 3.8 Evocations


You had 6 spell levels left.
You knew the following spells:

 Your Spells              Type           Power      Damage    Failure   Level
a - Searing Ray           Conj           100%       2d8       1%          2
b - Magic Dart            Conj           100%       1d8       1%          1
c - Dazzling Flash        Conj/Hex       100%       N/A       1%          3
d - Fulminant Prism       Conj/Hex       36%        3d18      1%          4
e - Iskenderun's Mystic   Conj/Tloc      73%        2d15      1%          4
f - Animate Skeleton      Necr           100%       N/A       1%          1
g - Ensorcelled Hibernat  Hex/Ice        100%       N/A       1%          2
h - Ignite Poison         Fire/Tmut/Pois 73%        N/A       1%          3
i - Frozen Ramparts       Ice            100%       1d12      1%          3
Your spell library was empty.

Dungeon Overview and Level Annotations

Branches:
Dungeon (7/15)             Bailey (1/1)
 Temple: D:4-7

Altars:
Xom
Beogh

Shops:
D:6 (


Innate Abilities, Weirdness & Mutations

You are immune to sickness and miasma.
You are immune to poison.
Your flesh is very heat resistant. (rF++)
You are vulnerable to cold. (rC-)
You float through the air rather than walking.
You learn spells naturally, not from books.
Your magical power is your life essence.
You have superior vitality. (+4 MHP)


Message History

Casting: Searing Ray (safe; 1% risk of failure)
Confirm with . or Enter, or press ? or * to list all spells.
Aiming: Searing Ray (safe; 1% risk of failure)
Press: ? - help, Shift-Dir - straight line, f - centaur
Aim: a centaur, wielding a +0 halberd, wearing a +0 ring mail and quivering javelins (92% to hit)
The searing ray hits the centaur!
The centaur is heavily wounded. (Press . to maintain the ray.)
The orc shouts!
You hear a shout! x2
The centaur barely misses you.
A centaur comes into view. It is wielding a +0 trident.
The centaur barely misses you.
The searing ray hits the centaur.
The centaur is almost dead.
The centaur throws a javelin.
The javelin closely misses you. The centaur barely misses you.
The searing ray hits the centaur.
The centaur is almost dead.
The centaur misses you. The centaur completely misses you.
The searing ray hits the centaur but does no damage.
The centaur is almost dead.
You finish channelling your searing ray.
The centaur hits you from afar with a +0 halberd!
Casting: Searing Ray (safe; 1% risk of failure)
Confirm with . or Enter, or press ? or * to list all spells.
Aiming: Searing Ray (safe; 1% risk of failure)
Press: ? - help, Shift-Dir - straight line, f/p - centaur
Aim: a centaur, wielding a +0 halberd, wearing a +0 ring mail and quivering javelins (severely wounded, 92% to hit)
The searing ray misses the centaur. (Press . to maintain the ray.)
The centaur hits you from afar with a +0 halberd!
* * * LOW HITPOINT WARNING * * *
The orc closely misses you.
The centaur throws a javelin.
The javelin pierces through you!
* * * LOW HITPOINT WARNING * * *
The searing ray hits the centaur.
The centaur is almost dead.
* * * LOW HITPOINT WARNING * * *
The centaur hits you from afar with a +0 halberd!
You die...

...⌠#######⌠.......##
..........)..)....##
.........)..)....##
########'''#########
≈≈≈≈≈≈≈#.))#≈≈≈≈≈≈≈
≈≈≈≈≈≈≈#.).#≈≈≈≈≈≈≈
≈≈≈≈≈≈c#..)#c≈≈≈≈≈≈
≈≈≈≈.)≈#...#≈).≈≈≈≈
≈≈..≈≈≈@.o.)≈≈≈..≈≈
≈.≈≈≈.........≈≈≈.≈
≈.≈.....≈≈≈.....≈.≈
.≈≈.⌠..≈≈≈≈≈..⌠.≈≈.
.≈.....≈≈≈≈≈.....≈.
≈≈....≈≈≈≈≈≈≈....≈≈
≈.....≈≈≈≈≈≈≈.....≈
≈.....≈≈≈?≈≈≈.....≈


You could see a centaur and an orc.

Vanquished Creatures
  The ghost of issech the Cudgeller, a novice TrFi (D:6)
  4 yaks (D:5)
  A steam dragon (D:6)
  12 orc warriors
  4 black bears
  A necrophage (D:4)
  A sky beast (D:6)
  2 ogres (D:6)
  6 centaurs
  A phantom (D:6)
  A kobold brigand (D:7)
  A bullfrog (D:6)
  A water moccasin zombie (D:5)
  A scorpion (D:5)
  5 wights (D:6)
  A bullfrog zombie (D:5)
  6 orc priests
  A jelly (D:5)
  A bullfrog skeleton (D:5)
  7 iguanas
  Natasha (thrice) (D:3)
  A hound skeleton (D:3)
  7 gnolls (D:4)
  7 adders
  4 shadow imps (D:3)
  An adder skeleton (D:4)
  A worm (D:5)
  2 dart slugs
  34 orcs
  5 endoplasms
  3 giant cockroaches
  10 goblins
  7 hobgoblins
  3 jackals (D:3)
  7 kobolds
  2 quokkas
  4 ball pythons
  7 bats
  2 frilled lizards
  6 rats
174 creatures vanquished.

Vanquished Creatures (others)
  34 fulminant prisms
34 creatures vanquished.

Grand Total: 208 creatures vanquished

Notes
Turn   | Place    | Note
-------+----------+-------------------------------------------
     0 | D:1      | miscthings the Djinni Conjurer began the quest for the Orb.
     0 | D:1      | Reached XP level 1. HP: 15/15 MP: 0/0
   406 | D:1      | Reached XP level 2. HP: 15/21 MP: 0/0
   501 | D:1      | Found a faded altar of an unknown god.
  1072 | D:2      | Reached skill level 4 in Spellcasting
  1072 | D:2      | Reached XP level 3. HP: 11/25 MP: 0/0
  1072 | D:2      | Learned a level 1 spell: Animate Skeleton
  1792 | D:2      | Reached XP level 4. HP: 20/31 MP: 0/0
  2031 | D:3      | Found a transporter.
  2216 | D:3      | Found a transporter.
  2285 | D:3      | Noticed Natasha
  2288 | D:3      | Killed Natasha
  2289 | D:3      | Reached XP level 5. HP: 8/35 MP: 0/0
  2289 | D:3      | Learned a level 2 spell: Ensorcelled Hibernation
  2808 | D:3      | Noticed Natasha
  2812 | D:3      | Killed Natasha
  2813 | D:3      | Reached skill level 5 in Spellcasting
  2843 | D:3      | Noticed Natasha
  2851 | D:3      | Killed Natasha
  3185 | D:3      | Reached XP level 6. HP: 30/40 MP: 0/0
  3730 | D:4      | Found a shimmering altar of Xom.
  3997 | D:4      | Noticed a black bear
  4003 | D:4      | Killed a black bear
  4004 | D:4      | Reached skill level 6 in Spellcasting
  4004 | D:4      | Reached XP level 7. HP: 40/45 MP: 0/0
  4004 | D:4      | Learned a level 3 spell: Ignite Poison
  4581 | D:5      | Entered Level 5 of the Dungeon
  4587 | D:5      | Noticed a yak
  4589 | D:5      | Noticed a yak
  4594 | D:5      | Killed a yak
  4595 | D:5      | Reached skill level 7 in Spellcasting
  4595 | D:5      | Killed a yak
  4596 | D:5      | Reached XP level 8. HP: 18/50 MP: 0/0
  4917 | D:5      | Reached skill level 8 in Spellcasting
  5057 | D:5      | Noticed a yak
  5057 | D:5      | Noticed a yak
  5063 | D:5      | Killed a yak
  5066 | D:5      | Killed a yak
  5067 | D:5      | Reached XP level 9. HP: 11/55 MP: 0/0
  5067 | D:5      | Learned a level 3 spell: Frozen Ramparts
  5436 | D:5      | Reached skill level 9 in Spellcasting
  5730 | D:6      | Found Pewus's Weapon Shoppe.
  6043 | D:6      | Reached skill level 10 in Spellcasting
  6230 | D:6      | Reached skill level 1 in Fighting
  6230 | D:6      | Reached skill level 1 in Armour
  6230 | D:6      | Reached skill level 1 in Evocations
  6397 | D:6      | Found a runed translucent gate.
  6397 | D:6      | Found a runed translucent gate.
  6397 | D:6      | Found a runed translucent gate.
  6398 | D:6      | Noticed issech's ghost (novice TrFi)
  6587 | D:6      | Reached XP level 10. HP: 37/64 MP: 0/0
  6939 | D:6      | Killed issech's ghost
  7077 | D:7      | Identified the +4 shortbow of the Wasteland {freeze, Dex+6}
  7108 | D:7      | Found a flagged portal.
  7128 | Bailey   | Entered a bailey
  8206 | Bailey   | Slain by a centaur

Illustrated notes

Levels and vault maps discovered:
D:1:      dpeg_arrival_pits, layout_loops_corners,
          shapermc_ecumenical_altar_notcrosses, chequers_serial_rivers_large_b,
          st_stairs_14
D:2:      layout_loops_ring, minmay_crystal_water,
          chequers_serial_rivers_micro_e
D:3:      gammafunk_wand_slinger, layout_basic, grunt_decor_arrowhead,
          minmay_fractal_squares_diagonal_5, uniq_natasha
D:4:      layout_layer_cave, xom_teletrap_fun
D:5:      layout_loops_ring, minmay_misc_feat_rows
D:6:      layout_loops_ring, biasface_ghost_orc_armoury, serial_shops,
          nicolae_shop_window_shopping, minmay_pentangle
D:7:      statuecave_lemuel, layout_cave_pools, nicolae_ru_the_path_less_chosen,
          nicolae_overflow_hallway_of_the_gods,
          minmay_temple_entry_stoned_glass, enter_bailey_5, uniq_harold
Bailey:   bailey_polearm_flooded_kennysheep, bailey

Skill      XL: |  1  2  3  4  5  6  7  8  9 10 |
---------------+-------------------------------+-----
Spellcasting   | 4 5 6 7 8 10 | 10.4
Fighting       | 1 3 |  3.8
Armour         | 1 3 |  3.8
Evocations     | 1 3 |  3.8
Dodging        | 3 4 |  4.9
Stealth        | |  1.5

Action                   |  1- 3 |  4- 6 |  7- 9 | 10-12 || total
-------------------------+-------+-------+-------+-------++-------
Melee: Dagger            |       |     3 |       |       ||     3
 Cast: Magic Dart        |    17 |     7 |       |     4 ||    28
       Searing Ray       |    21 |    30 |    33 |    22 ||   106
       Fulminant Prism   |       |     2 |    19 |    13 ||    34
       Ensorcelled Hiber |       |     1 |       |       ||     1
       Iskenderun's Myst |       |       |     7 |     2 ||     9
       Animate Skeleton  |       |       |       |     1 ||     1
Evoke: Wand              |       |     2 |       |    11 ||    13
Armor: Robe              |     3 |    10 |     3 |     2 ||    18
Dodge: Dodged            |     7 |     9 |    15 |    29 ||    60

Table legend: (Time is in decaauts)
 A = Elapsed time spent in this place.
 B = Non-inter-level travel time spent in this place.
 C = Inter-level travel time spent in this place.
 D = Time resting spent in this place.
 E = Time spent auto-exploring this place.
 F = Levels seen in this place.
 G = Mean time per level.
                   A        B        C        D        E       F      G
               +--------+--------+--------+--------+--------+-----+--------+
         Total |   8213 |   7996 |    217 |   2817 |   4036 |   8 | 1026.6 |
       Dungeon |   7135 |   6918 |    217 |   2036 |   3948 |   7 | 1019.3 |
        Bailey |   1077 |   1077 |      0 |    781 |     88 |   1 | 1077.0 |
               +--------+--------+--------+--------+--------+-----+--------+

Top non-repeatable levels by time:
     D:3: 1527 daAuts
     D:4: 1303 daAuts
     D:6: 1207 daAuts
  Bailey: 1077 daAuts
     D:5: 1005 daAuts
     D:2: 976 daAuts
     D:1: 974 daAuts
     D:7: 140 daAuts
